 Dungeon Crawl Stone Soup version 0.21-a0-404-g291f19a (webtiles) character file.

273 vladimirx the Grasshopper (level 6, -6/50 HPs)
             Began as a Gnoll Warper on Oct 30, 2017.
             Killed from afar by Blork the orc (9 damage)
             ... with a magic dart
             ... on level 4 of the Dungeon.
             The game lasted 00:05:24 (3640 turns).

vladimirx the Grasshopper (Gnoll Warper)            Turns: 3640, Time: 00:05:25

Health: -6/50      AC:  3    Str: 13    XL:     6   Next: 23%
Magic:  8/13       EV: 14    Int: 17    God:
Gold:   95         SH:  0    Dex: 15    Spells: 2/15 levels left

rFire    . . .     SeeInvis .   a - +0 mace
rCold    . . .     Gourm    .   (no shield)
rNeg     . . .     Faith    .   b - +0 leather armour
rPois    .         Spirit   .   (no helmet)
rElec    .         Reflect  .   (no cloak)
rCorr    .         Harm     .   (no gloves)
MR       +....                  (no boots)
Stlth    ++........             (no amulet)
HPRegen  0.16/turn              g - ring of protection from magic
MPRegen  0.13/turn              (no ring)

@: no status effects
A: distributed training, fangs 1, strong nose
a: no special abilities


You were on level 4 of the Dungeon.
You were hungry.

You visited 1 branch of the dungeon, and saw 4 of its levels.

You collected 95 gold pieces.

Inventory:

Hand Weapons
 a - a +0 mace (weapon)
 z - a +0 dagger of protection
Missiles
 e - 5 tomahawks of dispersal
 j - 16 tomahawks
 k - 92 stones (quivered)
 o - 23 bolts
 s - 12 sling bullets
 w - 18 poisoned needles
 y - 83 arrows
Armour
 b - a +0 leather armour (worn)
 h - a +0 ring mail
 F - a +0 chain mail
Jewellery
 g - a ring of protection from magic (left hand)
Scrolls
 d - 2 scrolls of blinking
 m - 4 scrolls of identify {unknown}
 p - 3 scrolls of teleportation {unknown}
 q - a scroll of random uselessness {unknown}
 u - a scroll of fear {unknown}
 v - a scroll of enchant armour {unknown}
 x - a scroll of fog {unknown}
 D - a scroll of amnesia {unknown}
Potions
 i - a potion of ambrosia {unknown}
 l - 3 potions of berserk rage {unknown}
 n - a potion of cancellation {unknown}
 r - a potion of mutation {unknown}
 A - a potion of curing {unknown}
 E - a potion of heal wounds {unknown}
 G - a potion of invisibility {unknown}
Books
 c - a book of Spatial Translocations

   Spells                             Type                      Level
   a - Blink                          Translocation                2
   b - Shroud of Golubria             Charms/Translocation         2
   c - Lesser Beckoning               Translocation                3
   d - Gell's Gravitas                Translocation                3
   e - Teleport Other                 Translocation                3
   f - Passage of Golubria            Translocation                4
Comestibles
 f - 3 bread rations
 t - a royal jelly
 B - 2 meat rations


   Skills:
 + Level 4.9 Fighting
 + Level 1.8 Short Blades
 + Level 1.8 Long Blades
 + Level 1.8 Axes
 + Level 4.9 Maces & Flails
 + Level 1.8 Polearms
 + Level 1.8 Staves
 + Level 1.8 Slings
 + Level 1.8 Bows
 + Level 1.8 Crossbows
 + Level 3.1 Throwing
 + Level 3.1 Armour
 + Level 4.9 Dodging
 + Level 1.8 Stealth
 + Level 1.8 Shields
 + Level 1.8 Unarmed Combat
 + Level 5.3 Spellcasting
 + Level 1.4 Conjurations
 + Level 1.4 Hexes
 + Level 1.4 Charms
 + Level 1.4 Summonings
 + Level 1.4 Necromancy
 + Level 5.6 Translocations
 + Level 1.4 Transmutations
 + Level 1.4 Fire Magic
 + Level 1.4 Ice Magic
 + Level 1.4 Air Magic
 + Level 1.4 Earth Magic
 + Level 1.4 Poison Magic
 + Level 2.0 Invocations
 + Level 1.8 Evocations


You had 2 spell levels left.
You knew the following spells:

 Your Spells              Type           Power        Failure   Level  Hunger
a - Shroud of Golubria    Chrm/Tloc      ###.......   6%          2    #......
b - Lesser Beckoning      Tloc           ###.......   4%          3    ##.....
d - Blink                 Tloc           N/A          2%          2    #......
g - Gell's Gravitas       Tloc           ###.......   4%          3    ##.....
t - Teleport Other        Tloc           ###.....     4%          3    ##.....


Dungeon Overview and Level Annotations

Branches:
Dungeon (4/15)
 Temple: D:4-7

Altars:
Dithmenos

Annotations:
D:4 Blork the orc


Innate Abilities, Weirdness & Mutations

Your experience applies equally to all skills.
You have very sharp teeth.
Your uncanny sense of smell can sniff out nearby items.


Message History

Blork the orc mumbles some strange words.
Blork the orc flickers and vanishes!
Deactivating autopickup; reactivate with Ctrl-A.
Something hits you.
* * * LOW HITPOINT WARNING * * *
Your shroud falls apart!
Casting: Shroud of Golubria
Confirm with . or Enter, or press ? or * to list all spells.
You can't see any susceptible monsters within range! (Use Z to cast anyway.)
You closely miss something. Something hits you!
* * * LOW HITPOINT WARNING * * *
Casting: Shroud of Golubria
Confirm with . or Enter, or press ? or * to list all spells.
You blink.
Casting: Blink
Confirm with . or Enter, or press ? or * to list all spells.
You blink.
A magic dart appears from out of thin air!
The magic dart hits you!
You die...

.# ..# # #.#.# ##.#.#
####### .... #.....#
###.########
#.....#####...(.......
#.........#...@)......
#.............#<......
###......##.#...#.######
....####.##.#.....#
###.# #.##.....### ###.#
#.#####..# .##.#
##..).....#
.##.###....[....####
...........#....ยง..#


There were no monsters in sight!

Vanquished Creatures
  An iguana (D:4)
  A worker ant (D:4)
  7 gnolls
  5 adders
  4 worms
  2 dart slugs
  3 leopard geckos
  4 orcs (D:3)
  A ball python (D:1)
  2 giant cockroaches
  8 goblins
  8 hobgoblins
  14 jackals
  8 kobolds
  2 quokkas (D:3)
  3 bats
  8 frilled lizards
  A jackal skeleton (D:4)
  9 rats
91 creatures vanquished.

Notes
Turn   | Place    | Note
-------+----------+-------------------------------------------
     0 | D:1      | vladimirx the Gnoll Warper began the quest for the Orb.
     0 | D:1      | Reached XP level 1. HP: 20/20 MP: 6/6
   146 | D:1      | Reached XP level 2. HP: 26/26 MP: 7/7
   313 | D:1      | Reached XP level 3. HP: 22/31 MP: 9/9
   317 | D:1      | Learned a level 2 spell: Blink
   321 | D:1      | Learned a level 3 spell: Gell's Gravitas
   325 | D:1      | Learned a level 3 spell: Teleport Other
   328 | D:1      | Learned a level 2 spell: Shroud of Golubria
   630 | D:1      | Reached skill level 5 in Spellcasting
   775 | D:1      | Reached skill level 1 in Invocations
  1250 | D:2      | Reached skill level 1 in Short Blades
  1250 | D:2      | Reached skill level 1 in Long Blades
  1250 | D:2      | Reached skill level 1 in Axes
  1250 | D:2      | Reached skill level 1 in Polearms
  1250 | D:2      | Reached skill level 1 in Staves
  1250 | D:2      | Reached skill level 1 in Slings
  1250 | D:2      | Reached skill level 1 in Bows
  1250 | D:2      | Reached skill level 1 in Crossbows
  1250 | D:2      | Reached skill level 1 in Stealth
  1250 | D:2      | Reached skill level 1 in Shields
  1250 | D:2      | Reached skill level 1 in Unarmed Combat
  1250 | D:2      | Reached skill level 1 in Evocations
  1250 | D:2      | Reached XP level 4. HP: 28/38 MP: 11/11
  1867 | D:2      | Reached skill level 1 in Conjurations
  1867 | D:2      | Reached skill level 1 in Hexes
  1867 | D:2      | Reached skill level 1 in Charms
  1867 | D:2      | Reached skill level 1 in Summonings
  1867 | D:2      | Reached skill level 1 in Necromancy
  1867 | D:2      | Reached skill level 1 in Transmutations
  1867 | D:2      | Reached skill level 1 in Fire Magic
  1867 | D:2      | Reached skill level 1 in Ice Magic
  1867 | D:2      | Reached skill level 1 in Air Magic
  1867 | D:2      | Reached skill level 1 in Earth Magic
  1867 | D:2      | Reached skill level 1 in Poison Magic
  1876 | D:2      | Reached XP level 5. HP: 35/43 MP: 12/12
  1919 | D:1      | Learned a level 3 spell: Lesser Beckoning
  2469 | D:3      | Found a shadowy altar of Dithmenos.
  3291 | D:4      | Reached XP level 6. HP: 39/50 MP: 10/13
  3606 | D:4      | Noticed Blork the orc
  3640 | D:4      | Killed from afar by Blork the orc

Vault maps used:
D:1:      dpeg_arrival_tiny_a, minivault_4
D:2:      first_bread
D:3:      grunt_dithmenos_smoke, solitary_fountain, serial_park_tiny_1
D:4:      elyvilon_altar_4, uniq_blork_the_orc, uniq_purgy, uniq_ijyb

Skill      XL: |  1  2  3  4  5 |
---------------+----------------+-----
Spellcasting   | 5 |  5.3
Invocations    | 1 2 |  2.0
Short Blades   | 1 |  1.8
Long Blades    | 1 |  1.8
Axes           | 1 |  1.8
Polearms       | 1 |  1.8
Staves         | 1 |  1.8
Slings         | 1 |  1.8
Bows           | 1 |  1.8
Crossbows      | 1 |  1.8
Stealth        | 1 |  1.8
Shields        | 1 |  1.8
Unarmed Combat | 1 |  1.8
Evocations     | 1 |  1.8
Conjurations   | 1 |  1.4
Hexes          | 1 |  1.4
Charms         | 1 |  1.4
Summonings     | 1 |  1.4
Necromancy     | 1 |  1.4
Transmutations | 1 |  1.4
Fire Magic     | 1 |  1.4
Ice Magic      | 1 |  1.4
Air Magic      | 1 |  1.4
Earth Magic    | 1 |  1.4
Poison Magic   | 1 |  1.4
Throwing       | 3 |  3.1
Armour         | 3 |  3.1
Fighting       | |  4.9
Maces & Flails | |  4.9
Dodging        | |  4.9
Translocations | |  5.6

Action                   |  1- 3 |  4- 6 || total
-------------------------+-------+-------++-------
Melee: Mace              |   110 |   241 ||   351
       Bite              |    10 |    34 ||    44
       Punch             |       |     1 ||     1
       Dagger            |       |     1 ||     1
Throw: Stone             |       |     5 ||     5
 Cast: Shroud of Golubri |     1 |    12 ||    13
       Blink             |     1 |     2 ||     3
       Gell's Gravitas   |       |     3 ||     3
       Teleport Other    |       |     1 ||     1
 Stab: Sleeping          |       |     4 ||     4
  Eat: Chunk             |     1 |     8 ||     9
Armor: Leather armour    |    24 |    30 ||    54
Dodge: Dodged            |   120 |   178 ||   298

Table legend:
 A = Spawn XP
 B = Non-spawn XP
 C = Spawn XP percentage of total XP
 D = Spawn monster count
 E = Non-spawn monster count
 F = Spawn count percentage of total count
 G = Total turns spent on level
                    A         B        C        D         E        F      G
               +---------+---------+-------+---------+---------+-------+---------
         Total |       0 |     390 |   0.0 |       0 |      91 |   0.0 |  3640
               +---------+---------+-------+---------+---------+-------+---------
           D:1 |       0 |      48 |   0.0 |       0 |      28 |   0.0 |  1203
           D:2 |       0 |     140 |   0.0 |       0 |      27 |   0.0 |  1047
           D:3 |       0 |     125 |   0.0 |       0 |      31 |   0.0 |  1238
           D:4 |       0 |      77 |   0.0 |       0 |       5 |   0.0 |   152
               +---------+---------+-------+---------+---------+-------+---------
